BSA
KALAMAZOO ROYALE WITH CHEESE @ SPRINGFIELD STARS
08/31/2026
 
TOP OF THE 1ST
Kalamazoo Royale with Cheese batting - Pitching for Springfield Stars : LHP Joaquín Gonzáles
Pitching: LHP Joaquín Gonzáles
Batting: RHB Fernando Martínez 0-0: Foul Ball, location: 2F
0-1: Called Strike
0-2: Ball
1-2: Ball
2-2: Strikes out looking
Batting: RHB Miguel Encarnación 0-0: Swinging Strike
0-1: Called Strike
0-2: Strikes out swinging
Batting: RHB Alfredo Cortéz 0-0: Called Strike
0-1: Ground out U3 (Groundball, 3S)
Top of the 1st over - 0 run(s), 0 hit(s), 0 error(s), 0 left on base; Kalamazoo 0 - Springfield 0
BOTTOM OF THE 1ST
Springfield Stars batting - Pitching for Kalamazoo Royale with Cheese : RHP Miguel Angel Rodríguez
Pitching: RHP Miguel Angel Rodríguez
Batting: RHB Calvin Bennett 0-0: Foul Ball, location: 2F
0-1: Foul Ball, location: 2F
0-2: Strikes out looking
Batting: RHB Norberto Taváres 0-0: Ball
1-0: Ball
2-0: Foul Ball, location: 2F
2-1: Foul Ball, location: 2F
2-2: Ball
3-2: SINGLE (Groundball, 56D) (infield hit)
Batting: LHB Derek Davidson 0-0: Ball
1-0: Ball
2-0: Ball
3-0: Base on Balls
Norberto Taváres to second
Batting: LHB Felipe Guerrero 0-0: Ball
1-0: Ball
2-0: Ball
3-0: Called Strike
3-1: Foul Ball, location: 2F
3-2: Base on Balls
Norberto Taváres to third
Derek Davidson to second
Batting: RHB Juan Rodríguez 0-0: Ball
1-0: Foul Ball, location: 2F
1-1: Ball
2-1: Ball
3-1: Called Strike
3-2: Fly out, F4 (Popup, 34D)
Batting: RHB Juan Carlos Rodríguez 0-0: Ground out 1-3 (Groundball, 23)
Bottom of the 1st over - 0 run(s), 1 hit(s), 0 error(s), 3 left on base; Kalamazoo 0 - Springfield 0
TOP OF THE 2ND
Kalamazoo Royale with Cheese batting - Pitching for Springfield Stars : LHP Joaquín Gonzáles
Batting: RHB Juan Mendoza 0-0: Ball
1-0: Foul Ball, location: 2F
1-1: Foul Ball, location: 2F
1-2: Foul Ball, location: 2F
1-2: SINGLE (Flyball, 4D)
Batting: LHB Robinson Fernández 0-0: Ball
1-0: Ball
2-0: Fly out, F8 (Flyball, 8RD)
Batting: RHB Arturo Rodríguez Pickoff Throw to First - Out!
0-0: Ball
1-0: Called Strike
1-1: Called Strike
1-2: Foul Ball, location: 2F
1-2: Ball
2-2: Ball
3-2: Foul Ball, location: 2F
3-2: Foul Ball, location: 2F
3-2: Ground out 5-3 (Groundball, 5)
Top of the 2nd over - 0 run(s), 1 hit(s), 0 error(s), 0 left on base; Kalamazoo 0 - Springfield 0
BOTTOM OF THE 2ND
Springfield Stars batting - Pitching for Kalamazoo Royale with Cheese : RHP Miguel Angel Rodríguez
Batting: SHB Shane Hutchinson 0-0: Ball
1-0: Ball
2-0: Called Strike
2-1: Foul Ball, location: 2F
2-2: Ball
3-2: TRIPLE (Flyball, 9LD)
Batting: RHB Alberto Campos 0-0: Foul Ball, location: 2F
0-1: Ball
1-1: Called Strike
1-2: Strikes out looking
Batting: LHB Jesús Tobías 0-0: Ball
1-0: SINGLE (Groundball, 3D)
Shane Hutchinson scores
Batting: RHB Calvin Bennett 0-0: Ball
1-0: Called Strike
1-1: Grounds into double play, U4-3 (Groundball, 4)
Bottom of the 2nd over - 1 run(s), 2 hit(s), 0 error(s), 0 left on base; Kalamazoo 0 - Springfield 1
TOP OF THE 3RD
Kalamazoo Royale with Cheese batting - Pitching for Springfield Stars : LHP Joaquín Gonzáles
Batting: LHB Juan Sánchez 0-0: Ball
1-0: Ball
2-0: Ball
3-0: Called Strike
3-1: Foul Ball, location: 2F
3-2: Strikes out swinging
Batting: RHB Jonathan MacVey 0-0: Ball
1-0: Reached on error, E6 (Groundball, 6)
Batting: RHB Jorge Márquez 0-0: Foul Ball, location: 2F
0-1: Ball
1-1: Ball
2-1: SINGLE (Groundball, 4M)
Jonathan MacVey to second
Runner from 2nd tries for 3rd, SAFE, throw made to third
Batting: RHB Fernando Martínez 0-0: Ball
1-0: SINGLE (Groundball, 56D)
Jonathan MacVey scores
Jorge Márquez to second
Batting: RHB Miguel Encarnación 0-0: Ball
1-0: Ball
2-0: Foul Ball, location: 2F
Balk!
Jorge Márquez to third
Fernando Martínez to second
2-1: 3-RUN HOME RUN (Flyball, 89XD), Distance : 402 ft
Batting: RHB Alfredo Cortéz 0-0: Called Strike
0-1: Ball
1-1: Ball
2-1: Ball
3-1: Fly out, F8 (Flyball, 8LXD)
Batting: RHB Juan Mendoza 0-0: Foul Ball, location: 2F
0-1: Ball
1-1: Ball
2-1: Called Strike
2-2: Foul Ball, location: 2F
2-2: Foul Ball, location: 2F
2-2: Ball
3-2: Foul Ball, location: 2F
3-2: Strikes out swinging
Top of the 3rd over - 4 run(s), 3 hit(s), 1 error(s), 0 left on base; Kalamazoo 4 - Springfield 1
BOTTOM OF THE 3RD
Springfield Stars batting - Pitching for Kalamazoo Royale with Cheese : RHP Miguel Angel Rodríguez
Batting: RHB Norberto Taváres 0-0: Fly out, F3 (Popup, 3F)
Batting: LHB Derek Davidson 0-0: SINGLE (Groundball, 34S)
Batting: LHB Felipe Guerrero 0-0: Ball
1-0: Ball
2-0: Called Strike
2-1: Swinging Strike
2-2: Ball
Wild Pitch!
Derek Davidson to second
3-2: Fly out, F8 (Line Drive, 8LS)
Batting: RHB Juan Rodríguez 0-0: Ball
1-0: Called Strike
1-1: Called Strike
1-2: Strikes out swinging
Bottom of the 3rd over - 0 run(s), 1 hit(s), 0 error(s), 1 left on base; Kalamazoo 4 - Springfield 1
TOP OF THE 4TH
Kalamazoo Royale with Cheese batting - Pitching for Springfield Stars : LHP Joaquín Gonzáles
Batting: LHB Robinson Fernández 0-0: Swinging Strike
0-1: Foul Ball, location: 2F
0-2: Ball
1-2: Strikes out looking
Batting: RHB Arturo Rodríguez 0-0: Ball
1-0: Ground out 4-3 (Groundball, 4)
Batting: LHB Juan Sánchez 0-0: Called Strike
0-1: Ball
1-1: Swinging Strike
1-2: Strikes out swinging
Top of the 4th over - 0 run(s), 0 hit(s), 0 error(s), 0 left on base; Kalamazoo 4 - Springfield 1
BOTTOM OF THE 4TH
Springfield Stars batting - Pitching for Kalamazoo Royale with Cheese : RHP Miguel Angel Rodríguez
Batting: RHB Juan Carlos Rodríguez 0-0: Ball
1-0: Ball
2-0: Ball
3-0: Called Strike
3-1: SINGLE (Groundball, 5L)
Batting: SHB Shane Hutchinson 0-0: Foul Ball, location: 2F
0-1: Ball
1-1: Called Strike
1-2: Ball
2-2: Strikes out swinging
Batting: RHB Alberto Campos 0-0: Called Strike
0-1: Ball
1-1: Swinging Strike
1-2: Foul Ball, location: 2F
1-2: Strikes out swinging
Batting: LHB Jesús Tobías 0-0: Called Strike
0-1: Foul Ball, location: 2F
0-2: Ground out U3 (Groundball, 3L)
Bottom of the 4th over - 0 run(s), 1 hit(s), 0 error(s), 1 left on base; Kalamazoo 4 - Springfield 1
TOP OF THE 5TH
Kalamazoo Royale with Cheese batting - Pitching for Springfield Stars : LHP Joaquín Gonzáles
Batting: RHB Jonathan MacVey 0-0: Called Strike
0-1: Ball
1-1: Ground out 6-3 (Groundball, 6M)
Batting: RHB Jorge Márquez 0-0: Called Strike
0-1: Ball
1-1: Swinging Strike
1-2: Strikes out looking
Batting: RHB Fernando Martínez 0-0: SINGLE (Groundball, 4MD)
Batting: RHB Miguel Encarnación 0-0: Ball
Wild Pitch!
Fernando Martínez to second
1-0: Ball
2-0: Ball
3-0: Called Strike
3-1: Foul Ball, location: 2F
3-2: Strikes out swinging
Top of the 5th over - 0 run(s), 1 hit(s), 0 error(s), 1 left on base; Kalamazoo 4 - Springfield 1
BOTTOM OF THE 5TH
Springfield Stars batting - Pitching for Kalamazoo Royale with Cheese : RHP Miguel Angel Rodríguez
Batting: RHB Calvin Bennett 0-0: Foul Ball, location: 2F
0-1: Fly out, F8 (Line Drive, 8LM)
Batting: RHB Norberto Taváres 0-0: Ball
1-0: Foul Ball, location: 2F
1-1: Called Strike
1-2: Foul Ball, location: 2F
1-2: Ball
2-2: Foul Ball, location: 2F
2-2: Ground out 5-3 (Groundball, 56S)
Batting: LHB Derek Davidson 0-0: Ball
1-0: Swinging Strike
1-1: Ground out U3 (Groundball, 3S)
Bottom of the 5th over - 0 run(s), 0 hit(s), 0 error(s), 0 left on base; Kalamazoo 4 - Springfield 1
TOP OF THE 6TH
Kalamazoo Royale with Cheese batting - Pitching for Springfield Stars : LHP Joaquín Gonzáles
Batting: RHB Alfredo Cortéz 0-0: Ball
1-0: Fly out, F7 (Flyball, 7M)
Batting: RHB Juan Mendoza 0-0: Called Strike
0-1: Foul Ball, location: 2F
0-2: Strikes out looking
Batting: LHB Robinson Fernández 0-0: Ball
1-0: Ball
2-0: Ball
3-0: Called Strike
3-1: Called Strike
3-2: Foul Ball, location: 2F
3-2: Foul Ball, location: 2F
3-2: Ground out 5-3 (Groundball, 56)
Top of the 6th over - 0 run(s), 0 hit(s), 0 error(s), 0 left on base; Kalamazoo 4 - Springfield 1
BOTTOM OF THE 6TH
Springfield Stars batting - Pitching for Kalamazoo Royale with Cheese : RHP Miguel Angel Rodríguez
Batting: LHB Felipe Guerrero 0-0: Called Strike
0-1: Ball
1-1: SINGLE (Groundball, 34D) (infield hit)
Batting: RHB Juan Rodríguez 0-0: Ball
1-0: Foul Ball, location: 2F
1-1: Grounds into double play, 1-6-3 (Groundball, 15)
Batting: RHB Juan Carlos Rodríguez 0-0: Ball
1-0: Swinging Strike
1-1: SINGLE (Groundball, 56D)
Batting: SHB Shane Hutchinson 0-0: Swinging Strike
0-1: Foul Ball, location: 2F
0-2: Ball
1-2: Ball
2-2: Foul Ball, location: 2F
2-2: Foul Ball, location: 2F
2-2: Fly out, F7 (Flyball, 7M)
Bottom of the 6th over - 0 run(s), 2 hit(s), 0 error(s), 1 left on base; Kalamazoo 4 - Springfield 1
TOP OF THE 7TH
Kalamazoo Royale with Cheese batting - Pitching for Springfield Stars : LHP Joaquín Gonzáles
Pitching: RHP Ramón Vélez
Batting: RHB Arturo Rodríguez 0-0: Called Strike
0-1: Foul Ball, location: 2F
0-2: Ball
1-2: Foul Ball, location: 2F
1-2: Strikes out swinging
Batting: LHB Juan Sánchez 0-0: Called Strike
0-1: Ball
1-1: Ball
2-1: Fly out, F3 (Popup, 23F)
Batting: RHB Jonathan MacVey 0-0: Ball
1-0: Fly out, F9 (Flyball, 9M)
Top of the 7th over - 0 run(s), 0 hit(s), 0 error(s), 0 left on base; Kalamazoo 4 - Springfield 1
BOTTOM OF THE 7TH
Springfield Stars batting - Pitching for Kalamazoo Royale with Cheese : RHP Miguel Angel Rodríguez
Batting: RHB Alberto Campos 0-0: Foul Ball, location: 2F
0-1: Ball
1-1: Ball
2-1: Ground out 4-3 (Groundball, 4)
Batting: LHB Jesús Tobías 0-0: Ball
1-0: Ball
2-0: Foul Ball, location: 2F
2-1: Called Strike
2-2: Ball
3-2: SINGLE (Groundball, 34)
Batting: RHB Calvin Bennett 0-0: Ball
1-0: Foul Ball, location: 2F
1-1: Ball
2-1: Ball
3-1: Foul Ball, location: 2F
3-2: Foul Ball, location: 2F
3-2: DOUBLE (Line Drive, 3L)
Jesús Tobías to third
Pitching: RHP António Ojeda
Batting: RHB Norberto Taváres 0-0: Ground out 2-3 (Groundball, 2L)
Pitching: LHP Morgan McDormand
Batting: LHB Derek Davidson 0-0: Called Strike
0-1: 3-RUN HOME RUN (Flyball, 9D), Distance : 428 ft
Pitching: RHP Fergus Wakeford
Batting: LHB Felipe Guerrero 0-0: Ball
1-0: Called Strike
1-1: Called Strike
1-2: Ground out 4-3 (Groundball, 4)
Bottom of the 7th over - 3 run(s), 3 hit(s), 0 error(s), 0 left on base; Kalamazoo 4 - Springfield 4
TOP OF THE 8TH
Kalamazoo Royale with Cheese batting - Pitching for Springfield Stars : RHP Ramón Vélez
Batting: RHB Jorge Márquez 0-0: Called Strike
0-1: Foul Ball, location: 2F
0-2: Ground out 6-3 (Groundball, 6S)
Pinch Hitting: LHB Seung-woo Yi 0-0: SINGLE (Line Drive, 34)
Batting: RHB Miguel Encarnación 0-0: Called Strike
0-1: Grounds into double play, 6-4-3 (Groundball, 6)
Top of the 8th over - 0 run(s), 1 hit(s), 0 error(s), 0 left on base; Kalamazoo 4 - Springfield 4
BOTTOM OF THE 8TH
Springfield Stars batting - Pitching for Kalamazoo Royale with Cheese : RHP Fergus Wakeford
Now in CF: Seung-woo Yi
Pinch Hitting: LHB Elliott Newell 0-0: Ball
1-0: Foul Ball, location: 2F
1-1: Swinging Strike
1-2: Foul Ball, location: 2F
1-2: Foul Ball, location: 2F
1-2: Foul Ball, location: 2F
1-2: Strikes out swinging
Batting: RHB Juan Carlos Rodríguez 0-0: Ball
1-0: Foul Ball, location: 2F
1-1: Called Strike
1-2: Ball
2-2: Foul Ball, location: 2F
2-2: Ball
3-2: Foul Ball, location: 2F
3-2: DOUBLE (Flyball, 78S)
Batting: SHB Shane Hutchinson 0-0: Intentional Walk
Batting: RHB Alberto Campos 0-0: Called Strike
0-1: Foul Ball, location: 2F
0-2: Ball
1-2: Foul Ball, location: 2F
1-2: Ball
2-2: Grounds into double play, 6-4-3 (Groundball, 6M)
Bottom of the 8th over - 0 run(s), 1 hit(s), 0 error(s), 1 left on base; Kalamazoo 4 - Springfield 4
TOP OF THE 9TH
Kalamazoo Royale with Cheese batting - Pitching for Springfield Stars : RHP Ramón Vélez
Pitching: RHP José Valdéz
Now at 1B: Elliott Newell
Batting: RHB Alfredo Cortéz 0-0: Ball
1-0: Foul Ball, location: 2F
1-1: Called Strike
1-2: Strikes out looking
Batting: RHB Juan Mendoza 0-0: Called Strike
0-1: Ground out 4-3 (Groundball, 4)
Batting: LHB Robinson Fernández 0-0: Called Strike
0-1: DOUBLE (Groundball, 3L)
Batting: RHB Arturo Rodríguez 0-0: Called Strike
0-1: Ball
1-1: Called Strike
1-2: Ball
2-2: Ball
3-2: Foul Ball, location: 2F
3-2: Strikes out swinging
Top of the 9th over - 0 run(s), 1 hit(s), 0 error(s), 1 left on base; Kalamazoo 4 - Springfield 4
BOTTOM OF THE 9TH
Springfield Stars batting - Pitching for Kalamazoo Royale with Cheese : RHP Fergus Wakeford
Pitching: RHP Josh Graham
Batting: LHB Jesús Tobías 0-0: Foul Ball, location: 2F
0-1: Called Strike
0-2: Ball
1-2: Foul Ball, location: 2F
1-2: Ground out 4-3 (Groundball, 4)
Batting: RHB Calvin Bennett 0-0: Called Strike
0-1: Ball
1-1: Ball
2-1: Ball
3-1: Foul Ball, location: 2F
3-2: Foul Ball, location: 2F
3-2: Base on Balls
Batting: RHB Norberto Taváres 0-0: Ball
1-0: Called Strike
1-1: Ball
2-1: Foul Ball, location: 2F
2-2: Ball
3-2: SINGLE (Line Drive, 3)
Calvin Bennett to second
Batting: LHB Derek Davidson 0-0: SINGLE (Line Drive, 34)
Calvin Bennett to third
Norberto Taváres to second
Runner from 3rd tries for Home, SAFE, no throw or cutoff
Monday, December 5th, 2016 - OOTP Baseball 17.12 Build 75